AoeStats
← cristiantuck2000

Arabia

508328549Analyzed
1v1 RM · 11d ago on Sep 22, 2026· 50m 16s· 2 players
Game mode
Random Map
Map size
Tiny (2 player)
Population
200
Speed
Normal
Resources
Standard
Victory
Conquest
Starting age
Dark Age
Ending age
Imperial Age
RankedLock teamsTeams togetherTeam positionsShared explorationLock speedFull tech treeHidden civsTurbo modeCheats
Victory
Defeat
🇲🇽 Celts · Mexico
996
+17
🇨🇴 Mongols · Colombia
1010
-17
cristiantuck2000
6:52 Loom
10:40 Feudal Age
10:43 Man-at-Arms
19:55 Castle Age
18:21 Double-Bit Axe
18:35 Horse Collar
20:55 Bow Saw
22:20 Heavy Plow
23:25 Wheelbarrow
24:19 Gold Mining
26:41 Stone Mining
27:28 Elite Skirmisher
28:32 Pikeman
31:22 Forging
31:59 Stone Shaft Mining
33:37 Hand Cart
35:21 Ballistics
34:53 Fletching
35:33 Bodkin Arrow
38:34 Imperial Age
37:03 Padded Archer Armor
37:00 Gambesons
39:07 Gold Shaft Mining
39:30 Iron Casting
39:24 Scale Barding Armor
41:00 Conscription
40:03 Halberdier
40:09 Light Cavalry
40:50 Husbandry
41:39 Arson
43:52 Blast Furnace
43:15 Leather Archer Armor
42:29 Hussar
44:48 Chain Barding Armor
47:06 Ring Archer Armor
46:38 Scale Mail Armor
48:40 Chemistry
49:34 Chain Mail Armor
49:50 Stronghold
mosqueteroc
6:16 Loom
8:28 Feudal Age
10:23 Bloodlines
22:16 Castle Age
20:46 Double-Bit Axe
21:35 Gold Mining
21:35 Horse Collar
23:20 Thumb Ring
27:05 Ballistics
27:33 Gold Shaft Mining
28:44 Heavy Plow
28:40 Fletching
28:51 Padded Archer Armor
31:13 Leather Archer Armor
31:49 Bodkin Arrow
37:38 Forging
37:34 Scale Barding Armor
36:50 Light Cavalry
37:31 Husbandry
43:13 Imperial Age
41:41 Iron Casting
43:09 Bow Saw
44:21 Parthian Tactics
46:02 Bracer
47:02 Blast Furnace
46:23 Chain Barding Armor
48:34 Elite Mangudai
Connection lost

Rejoining the realm…

Still unreachable

The connection could not be restored.

Session expired

The server has moved on; the page needs a fresh start.